 Dungeon Crawl Stone Soup version 0.29-a0-67-g1d65ae1bb4 (webtiles) character file.

Game seed: 16417138759564297543

5336 DasRunzen the Covert (level 10, 0/74 HPs)
             Began as an Octopode Wanderer on Dec 4, 2021.
             Was a Priest of Dithmenos.
             Slain by a killer bee (5 damage)
             ... on level 9 of the Dungeon on Feb 3, 2022.
             The game lasted 00:34:32 (10970 turns).

DasRunzen the Covert (Octopode Wanderer)           Turns: 10970, Time: 00:34:32

Health: 0/74       AC:  1    Str: 16    XL:     10   Next: 64%
Magic:  17/17      EV: 15    Int: 20    God:    Dithmenos [***...]
Gold:   441        SH:  0    Dex: 15    Spells: 13/19 levels left

rFire   . . .      SeeInvis +   l - +6 spear "Grim" {spect, rCorr Str+5}
rCold   . . .      Faith    .   (no shield)
rNeg    . . .      Spirit   .   (helmet restricted)
rPois   .          Reflect  .   (no amulet)
rElec   .          Harm     .   (no ring)
rCorr   +          Rampage  .   (no ring)
Will    .....                   (no ring)
Stlth   ++++++....              (no ring)
HPRegen 0.22/turn               (no ring)
MPRegen 0.15/turn               (no ring)
                                (no ring)
                                (no ring)

@: wreathed by umbra
A: almost no armour, amphibious, 8 rings, camouflage 1, gelatinous body 1,
(nimble swimmer 1), tentacles, fangs 1, see invisible, clever 1, robust 1,
strong 1
a: Renounce Religion, Shadow Step


You were on level 9 of the Dungeon.
You worshipped Dithmenos.
Dithmenos was most pleased with you.
You visited 2 branches of the dungeon, and saw 10 of its levels.
You also visited: Ossuary and Bailey.

You collected 441 gold pieces.

Inventory:

Hand Weapons
 a - a +2 spear
 e - a +2 dagger of flaming
 k - a +2 halberd of flaming
 l - the +6 spear "Grim" (weapon) {spect, rCorr Str+5}
   (You found it on level 4 of the Dungeon)

   When its wielder attacks, the weapon's spirit leaps out and strikes again.
   The spirit shares a part of any damage it takes with its wielder.
   Str:       It affects your strength (+5).
   rCorr:     It protects you from acid and corrosion.
Missiles
 m - 3 throwing nets
Magical Staves
 q - a staff of air
 H - a staff of death
Jewellery
 c - a ring of fire
 g - a ring of willpower
 j - a ring of positive energy
 B - a ring of magical power
Wands
 d - a wand of acid (12)
 n - a wand of flame (20)
 p - a wand of polymorph (7)
 A - a wand of paralysis (12)
Scrolls
 r - a scroll of holy word
 s - 3 scrolls of fog
 t - a scroll of summoning
 u - a scroll of silence
 v - 2 scrolls of amnesia
 w - a scroll of fear
 x - 3 scrolls of teleportation
 y - 2 scrolls of identify
Potions
 b - 6 potions of curing
 f - 2 potions of lignification
 h - 2 potions of haste
 i - 5 potions of brilliance
 o - 4 potions of might
 z - a potion of resistance
 C - a potion of invisibility
 D - 3 potions of cancellation
 E - 5 potions of heal wounds
 F - 2 potions of magic
 G - 2 potions of mutation


   Skills:
 + Level 5.8 Fighting
 + Level 5.7 Polearms
 + Level 5.2 Dodging
 + Level 8.2 Stealth
 + Level 5.0 Spellcasting
 - Level 4.0 Conjurations
 + Level 5.4 Summonings
 + Level 3.2 Air Magic
 + Level 3.7 Invocations
 - Level 5.0 Evocations


You had 13 spell levels left.
You knew the following spells:

 Your Spells              Type           Power      Damage    Failure   Level
a - Summon Small Mammal   Summ           100%       N/A       1%          1
b - Static Discharge      Conj/Air       19%        N/A       4%          2
c - Summon Guardian Gole  Hex/Summ       15%        N/A       12%         3

Your spell library contained the following spells:

 Spells                   Type           Power      Damage    Failure   Level
 Lightning Bolt           Conj/Air       9%         1d22      58%         5
 Olgreb's Toxic Radiance  Pois           5%         N/A       75%         4
 Ozocubu's Refrigeration  Ice            2%         4d5       100%        7
 Ignition                 Fire           2%         3d3       100%        8
 Maxwell's Capacitive Co  Air            8%         ∞         100%        8


Dungeon Overview and Level Annotations

Branches:
Dungeon (9/15)             Temple (1/1) D:6         Ossuary (visited)
 Bailey (visited)
   Lair: D:8-11         Orc: D:9-12

Altars:
Ashenzari
Cheibriados
Dithmenos
Elyvilon
Fedhas
Gozag
Hepliaklqana
Kikubaaqudgha
Makhleb
Qazlal
Ru
Sif Muna
Uskayaw
Vehumet
Wu Jian
Xom
Yredelemnul
Zin

Shops:
D:3 *   D:9 *


Innate Abilities, Weirdness & Mutations

You cannot wear most types of armour.
You are amphibious.
You can wear up to eight rings at the same time.
Your skin changes colour to match your surroundings (Stealth+).
Your rubbery body absorbs attacks. (AC +1, EV +1)
((You are camouflaged when in or above water. (Stealth+)))
You have tentacles for arms and can constrict up to eight enemies at once.
You have very sharp teeth.
You have supernaturally acute eyesight. (SInv)
Your mind is acute. (Int +2)
You are robust. (+10% HP)
Your muscles are strong. (Str +2)


Message History

The killer bee is almost dead.
Your +6 spear "Grim" {spect, rCorr Str+5} closely misses the killer bee.
You feel sick. The killer bee barely misses you. The killer bee stings you.
Unknown command.
You swap places.
You feel sick. The killer bee misses you. The killer bee stings you!
You are more poisoned.
The killer bee poisons you! The killer bee closely misses you.
There is an open door here.
You feel very sick. The killer bee misses you.
You feel very sick. The killer bee stings you. x2
You are more poisoned.
The killer bee poisons you!
You feel very sick.
You feel very sick. The killer bee completely misses you.
The killer bee closely misses you. The killer bee barely misses you.
You feel sick. The killer bee misses you. The killer bee stings you.
* * * LOW HITPOINT WARNING * * *
You are lethally poisoned!
The killer bee poisons you! The killer bee barely misses you.
* * * LOW HITPOINT WARNING * * *
You feel very sick. The killer bee misses you.
The killer bee closely misses you. x3
The killer bee misses you.
There is an open door here.
You feel better. The killer bee barely misses you. The killer bee stings you!
* * * LOW HITPOINT WARNING * * *
The killer bee misses you. The killer bee closely misses you.
The killer bee misses you. The killer bee closely misses you.
The killer bee closely misses you. The killer bee misses you.
The killer bee barely misses you. x3
The killer bee stings you.
* * * LOW HITPOINT WARNING * * *
The killer bee barely misses you.
The killer bee stings you but does no damage.
The killer bee stings you.
You die...

#.......# #.......#
############
#.......#
#########...........
+......)#
##yy@......##########
#.......#
##.y#########
#......y###yy##
#.......#.cy##
#.......o.###
#.......### ##'######
#..# #'##


You could see an orc warrior, a centaur and 6 killer bees.

Vanquished Creatures
  A two-headed ogre (D:8)
  Pikel (D:7)
  Grinder (D:4)
  Sigmund (D:5)
  A wyvern (D:7)
  Eustachio (D:4)
  A steam dragon (D:7)
  Edmund (D:5)
  Duvessa (D:7)
  3 orc warriors
  2 black bears
  A sky beast (D:7)
  2 necrophages
  An ogre (D:6)
  5 centaurs
  A lemure (D:7)
  A kobold brigand (D:8)
  2 phantoms
  Blork the orc (D:5)
  An elf zombie (Ossuary)
  A wyvern zombie (D:6)
  2 bullfrogs (D:7)
  2 scorpions
  2 water moccasin zombies (D:6)
  Dowan (D:7)
  2 killer bees (D:9)
  2 howler monkeys
  3 centaur zombies
  A human zombie (Ossuary)
  An orc priest (D:8)
  2 centaur skeletons (D:7)
  A gnoll shaman (D:5)
  2 hounds
  A jelly (D:4)
  An iguana (D:5)
  Natasha (twice) (D:2)
  8 orc wizards
  2 hound skeletons
  2 howler monkey zombies
  2 mummies (Ossuary)
  10 adders
  20 gnolls
  2 shadow imps (D:7)
  2 white imps (D:7)
  An ufetubus (D:6)
  An adder zombie (Ossuary)
  4 worms
  5 dart slugs
  32 orcs
  6 endoplasms
  A giant cockroach (D:3)
  10 goblins
  5 hobgoblins
  3 jackals (D:4)
  7 quokkas
  8 ball pythons
  4 bats
  2 frilled lizards (D:3)
  2 goblin zombies (Ossuary)
  11 hobgoblin zombies (Ossuary)
  A jackal zombie (Ossuary)
  12 kobolds
  10 kobold zombies (Ossuary)
  9 orc zombies (Ossuary)
  3 rats (D:1)
240 creatures vanquished.

Notes
Turn   | Place    | Note
-------+----------+-------------------------------------------
     0 | D:1      | DasRunzen the Octopode Wanderer began the quest for the
                  | Orb.
     0 | D:1      | DasRunzen set off with the following items: a +2 spear, a
                  | potion of curing; and the following spell memorised: Summon
                  | Small Mammal; and the following spells available to
                  | memorise: Summon Guardian Golem
     0 | D:1      | Reached XP level 1. HP: 14/14 MP: 2/2
     0 | D:1      | Upgraded the game from 0.28-a0-987-g8383568036 to
                  | 0.29-a0-67-g1d65ae1bb4
   107 | D:1      | You fall into a shaft and drop 1 floor!
   119 | D:2      | Reached XP level 2. HP: 18/19 MP: 0/3
   222 | D:2      | Reached XP level 3. HP: 14/24 MP: 0/4
   357 | D:2      | Reached skill level 2 in Stealth
   451 | D:2      | Found a faded altar of an unknown god.
  1531 | D:2      | Noticed Natasha
  1539 | D:2      | Killed Natasha
  1540 | D:2      | Reached XP level 4. HP: 12/30 MP: 2/6
  2156 | D:2      | Noticed Natasha
  2159 | D:2      | Killed Natasha
  2221 | D:2      | Gained mutation: Your spells are a little easier to cast,
                  | but a little less powerful. [potion of mutation]
  2221 | D:2      | Gained mutation: Your mind is acute. (Int +2) [potion of
                  | mutation]
  2221 | D:2      | Gained mutation: You are partially covered in iridescent
                  | scales. (AC +2) [potion of mutation]
  2221 | D:2      | Gained mutation: You have very sharp teeth. [potion of
                  | mutation]
  2411 | D:3      | Reached XP level 5. HP: 35/35 MP: 7/7
  2448 | D:3      | Reached skill level 1 in Dodging
  2626 | D:3      | Found Kemoli Kioc's Assorted Antiques.
  2811 | D:3      | Reached skill level 3 in Stealth
  3655 | D:4      | Reached XP level 6. HP: 37/41 MP: 9/9
  3837 | D:4      | Found a shimmering altar of Xom.
  4067 | D:4      | Found an ancient bone altar of Kikubaaqudgha.
  4199 | D:4      | Noticed a black bear
  4204 | D:4      | Noticed Eustachio
  4220 | D:3      | Killed a black bear
  4459 | D:4      | Killed Eustachio
  4460 | D:4      | Reached XP level 7. HP: 13/46 MP: 10/10
  4511 | D:4      | Identified the +1 leather armour of Terror {Stlth+}
  4817 | D:4      | Reached skill level 4 in Stealth
  4947 | D:4      | Identified the +6 spear "Grim" {spect, rCorr Str+5}
  5042 | D:4      | Identified the +0 chain mail of the Hidden Vale {Str+2}
  5073 | D:4      | Noticed Grinder
  5080 | D:4      | Killed Grinder
  5082 | D:4      | Reached XP level 8. HP: 52/53 MP: 9/12
  5364 | D:5      | Entered Level 5 of the Dungeon
  5720 | D:5      | Noticed Sigmund
  5728 | D:5      | Killed Sigmund
  5729 | D:5      | Reached skill level 5 in Stealth
  5730 | D:5      | Noticed Edmund
  5737 | D:5      | Killed Edmund
  5844 | D:5      | Found a sacrificial altar of Ru.
  6221 | D:5      | Noticed Blork the orc
  6228 | D:5      | Killed Blork the orc
  6374 | D:6      | Reached skill level 6 in Stealth
  6374 | D:6      | Reached XP level 9. HP: 55/58 MP: 14/14
  6664 | D:6      | Found a hazy altar of Hepliaklqana.
  6666 | D:6      | Found a shadowy altar of Dithmenos.
  6673 | D:6      | Became a worshipper of Dithmenos the Shadowed
  6677 | D:6      | Learned a level 2 spell: Static Discharge
  6718 | D:6      | Found a staircase to the Ecumenical Temple.
  6749 | D:6      | Reached skill level 5 in Evocations
  6939 | Temple   | Entered the Ecumenical Temple
  7330 | D:6      | Reached skill level 1 in Invocations
  7784 | D:7      | Reached skill level 1 in Air Magic
  7790 | D:7      | Noticed Duvessa
  7790 | D:7      | Noticed Dowan
  7801 | D:7      | Killed Dowan
  7808 | D:7      | Killed Duvessa
  7811 | D:7      | Reached skill level 7 in Stealth
  7892 | D:7      | Reached skill level 5 in Fighting
  7963 | D:7      | Reached skill level 5 in Polearms
  8060 | D:7      | Found a hide-covered altar of Uskayaw.
  8075 | D:7      | Identified the +6 chain mail of Melancholy {rPois rC+ rCorr
                  | Stlth-}
  8230 | D:7      | Found a sand-covered staircase.
  8234 | Ossuary  | Entered an ossuary
  8248 | Ossuary  | Reached * piety under Dithmenos
  8355 | Ossuary  | Reached ** piety under Dithmenos
  8473 | D:7      | Reached XP level 10. HP: 55/66 MP: 16/16
  8887 | D:7      | Noticed Pikel
  8900 | D:7      | Killed Pikel
  8901 | D:7      | Reached skill level 5 in Summonings
  9222 | D:8      | Found a snail-covered altar of Cheibriados.
  9299 | D:8      | Found a flagged portal.
  9427 | Bailey   | Entered a bailey
 10017 | D:8      | Lost mutation: Your spells are a little easier to cast, but
                  | a little less powerful. [potion of mutation]
 10017 | D:8      | Lost mutation: You are partially covered in iridescent
                  | scales. (AC +2) [potion of mutation]
 10017 | D:8      | Gained mutation: You have supernaturally acute eyesight.
                  | (SInv) [potion of mutation]
 10017 | D:8      | Gained mutation: Your muscles are strong. (Str +2) [potion
                  | of mutation]
 10017 | D:8      | Gained mutation: You are robust. (+10% HP) [potion of
                  | mutation]
 10068 | D:8      | Reached *** piety under Dithmenos
 10282 | D:8      | Identified the +7 war axe of Gallantry {vorpal, rPois Int+2
                  | Dex-3}
 10515 | D:8      | Found a broken altar of Ashenzari.
 10516 | D:8      | Noticed a two-headed ogre
 10535 | D:8      | Killed a two-headed ogre
 10536 | D:8      | Reached skill level 5 in Dodging
 10536 | D:8      | Reached skill level 8 in Stealth
 10540 | D:8      | Learned a level 3 spell: Summon Guardian Golem
 10764 | D:9      | Found an ornate altar of the Wu Jian Council.
 10766 | D:9      | Reached skill level 5 in Spellcasting
 10889 | D:9      | Found Iseoxykk's General Store.
 10970 | D:9      | Slain by a killer bee

Illustrated notes

Levels and vault maps discovered:
D:1:      amcnicky_arrival_feature_with_door, layout_basic, corner_web_ring
D:2:      layout_rooms, ebering_ecumenical_altar_webs, chequers_mini_garden,
          uniq_natasha
D:3:      cheibrodos_helix_gallery, layout_basic, serial_shops, shop,
          skrybe_limestone_x, dk_vineyard_3, kennysheep_crisscross
D:4:      layout_loops_cross, mainiacjoe_overflow_cross_hatched,
          mainiacjoe_overflow_surrounded_room, hangedman_decor_peaks_small,
          uniq_grinder, uniq_eustachio
D:5:      layout_cave_pools, nicolae_ru_the_path_less_chosen,
          grunt_ministairs_15, uniq_sigmund, uniq_edmund, uniq_blork_the_orc
D:6:      layout_rooms, riverfiend_overflow_shadow_ancestor,
          minmay_temple_entry_wispy, kennysheep_generic_room_9
D:7:      layout_basic, mainiacjoe_overflow_small_starburst, enter_ossuary_5,
          due_unseen_surprise, uniq_pikel, uniq_duvessa
D:8:      layout_rooms, kennysheep_slug_shrine, mainiacjoe_overflow_brackets,
          enter_bailey_6
D:9:      layout_roguey, general_overflow_altar,
          mainiacjoe_overflow_concentric_impassable,
          nicolae_overflow_hidden_temple, serial_shops, shop
Temple:   compressed_dpeg_triangle_lava_temple

Skill      XL: |  1  2  3  4  5  6  7  8  9 10 |
---------------+-------------------------------+-----
Stealth        | 2 3 4 6 7 8 |  8.2
Summonings     | 2 3 4 5 |  5.4
Dodging        | 1 2 3 4 5 |  5.2
Spellcasting   | 2 3 4 5 |  5.0
Conjurations   | 2 3 4 |  4.0
Evocations     | 3 4 5 |  5.0
Fighting       | 3 4 5 |  5.8
Polearms       | 3 4 5 |  5.7
Invocations    | 2 3 |  3.7
Air Magic      | 2 3 |  3.2

Action                   |  1- 3 |  4- 6 |  7- 9 | 10-12 || total
-------------------------+-------+-------+-------+-------++-------
Melee: Spear             |    76 |   157 |   237 |    97 ||   567
       Constrict         |    16 |    26 |    42 |    18 ||   102
       Tentacles         |     9 |    30 |    44 |    16 ||    99
       Punch             |     1 |     2 |     6 |       ||     9
       Bite              |       |    15 |    26 |    12 ||    53
 Cast: Summon Small Mamm |     8 |     3 |     8 |     4 ||    23
  Use: Scroll            |       |     6 |    11 |     4 ||    21
       Potion            |       |     3 |       |     2 ||     5
 Stab: Sleeping          |    10 |    12 |    26 |    19 ||    67
       Distracted        |       |     1 |     4 |     3 ||     8
Armor: Skin              |     6 |    24 |    13 |     4 ||    47
Dodge: Dodged            |    31 |    56 |    71 |    69 ||   227

Table legend: (Time is in decaauts)
 A = Elapsed time spent in this place.
 B = Non-inter-level travel time spent in this place.
 C = Inter-level travel time spent in this place.
 D = Time resting spent in this place.
 E = Time spent auto-exploring this place.
 F = Levels seen in this place.
 G = Mean time per level.
                   A        B        C        D        E       F      G
               +--------+--------+--------+--------+--------+-----+--------+
         Total |  10903 |  10633 |    270 |   2120 |   6198 |  12 |  908.6 |
       Dungeon |   9779 |   9526 |    253 |   1811 |   5796 |   9 | 1086.6 |
        Temple |    341 |    324 |     17 |      0 |    317 |   1 |  341.0 |
       Ossuary |    204 |    204 |      0 |      0 |     85 |   1 |  204.0 |
        Bailey |    577 |    577 |      0 |    309 |      0 |   1 |  577.0 |
               +--------+--------+--------+--------+--------+-----+--------+

Top non-repeatable levels by time:
     D:4: 1544 daAuts
     D:3: 1444 daAuts
     D:2: 1289 daAuts
     D:7: 1171 daAuts
     D:5: 1167 daAuts
     D:1: 1059 daAuts
     D:8: 937 daAuts
     D:6: 895 daAuts
  Bailey: 577 daAuts
  Temple: 341 daAuts
     D:9: 270 daAuts
 Ossuary: 204 daAuts
